AoeStats
← polom.s1989

Arena

510089095Analyzed
4v4 RM · 3d ago on Sep 29, 2026· 42m 13s· 8 players
Game mode
Random Map
Map size
Large (8 player)
Population
200
Speed
Normal
Resources
Standard
Victory
Conquest
Starting age
Dark Age
Ending age
Imperial Age
RankedLock teamsTeams togetherTeam positionsShared explorationLock speedFull tech treeHidden civsTurbo modeCheats
Victory
Defeat
🇬🇧 Turks · United Kingdom
1683
+15
🇨🇳 Georgians · China
1593
+19
🇸🇪 Britons · Sweden
1548
+21
🇨🇿 Gurjaras · Czechia
1513
+22
🇨🇳 Mongols · China
1723
-22
🇨🇳 Ethiopians · China
1693
-21
🇨🇳 Magyars · China
1608
-17
🇨🇳 Romans · China
1600
-17
逝
0:28 Loom
8:16 Feudal Age
10:27 Wheelbarrow
13:37 Castle Age
12:04 Double-Bit Axe
12:35 Horse Collar
20:25 Bow Saw
22:15 Hand Cart
22:00 Gold Mining
22:09 Stone Mining
25:05 Stone Shaft Mining
25:22 Loom
25:23 Town Watch
28:45 Imperial Age
27:08 Bloodlines
26:58 Husbandry
27:26 Scale Barding Armor
28:04 Heavy Plow
28:46 Chain Barding Armor
28:10 Treadmill Crane
28:42 Forging
28:34 Husbandry
29:57 Conscription
30:18 Plate Barding Armor
30:46 Elite Monaspa
32:20 Iron Casting
36:22 Blast Furnace
35:49 Ballistics
35:15 Arrowslits
35:22 Fletching
39:12 Crop Rotation
40:21 Chemistry
39:11 Guard Tower
39:32 Masonry
39:12 Guard Tower
39:32 Masonry
39:18 Bodkin Arrow
40:16 Aznauri Cavalry
41:06 Svan Towers
41:37 Hoardings
41:18 Murder Holes
xGusZx24
10:37 Feudal Age
14:39 Castle Age
13:22 Double-Bit Axe
14:23 Horse Collar
16:45 Bow Saw
20:52 Fervor
27:55 Imperial Age
25:40 Fletching
25:53 Loom
25:54 Town Watch
26:50 Wheelbarrow
26:53 Bodkin Arrow
27:15 Stone Mining
28:48 Ballistics
29:44 Chemistry
29:05 Bracer
29:06 Padded Archer Armor
29:53 Conscription
30:25 Hand Cart
30:12 Scale Mail Armor
30:22 Forging
30:25 Masonry
30:10 Murder Holes
31:04 Elite Longbowman
32:19 Leather Archer Armor
32:19 Chain Mail Armor
34:09 Ring Archer Armor
35:06 Hoardings
34:55 Yeomen
36:47 Hoardings
36:45 Architecture
36:54 Coinage
36:00 Pikeman
36:41 Squires
36:26 Gambesons
36:27 Arson
37:13 Plate Mail Armor
37:18 Iron Casting
38:21 Banking
37:40 Arrowslits
37:50 Murder Holes
38:22 Warwolf
38:31 Siege Engineers
38:38 Fortified Wall
38:27 Gold Mining
39:09 Halberdier
42:59 Blast Furnace
polom.s1989
5:08 Loom
9:43 Feudal Age
15:19 Castle Age
13:22 Horse Collar
13:37 Double-Bit Axe
15:10 Gold Mining
17:38 Heavy Plow
26:43 Wheelbarrow
29:24 Hand Cart
30:36 Town Watch
32:42 Bow Saw
35:21 Town Patrol
36:08 Bloodlines
36:00 Husbandry
39:21 Imperial Age
37:30 Forging
37:25 Scale Barding Armor
38:55 Iron Casting
38:52 Kshatriyas
39:53 Chain Barding Armor
39:42 Elite Shrivamsha Rider
41:55 Plate Barding Armor
Ted
10:13 Feudal Age
10:22 Loom
14:08 Castle Age
12:39 Double-Bit Axe
13:52 Horse Collar
23:46 Imperial Age
26:30 Town Watch
27:53 Conscription
27:41 Padded Archer Armor
32:06 Leather Archer Armor
33:50 Bow Saw
33:40 Heavy Plow
34:00 Heavy Plow
35:59 Wheelbarrow
36:05 Wheelbarrow
35:59 Gold Mining
37:09 Fletching
37:50 Ring Archer Armor
38:00 Fortified Wall
39:14 Hand Cart
39:30 Bodkin Arrow
40:05 Ring Archer Armor
39:03 Heavy Cavalry Archer
40:08 Parthian Tactics
40:24 Bracer
40:55 Ring Archer Armor
40:40 Thumb Ring
41:15 Sipahi
42:18 Conscription
mongo
10:07 Feudal Age
13:43 Castle Age
12:38 Double-Bit Axe
12:39 Horse Collar
14:35 Bow Saw
20:18 Wheelbarrow
21:13 Hand Cart
22:03 Gold Mining
27:45 Imperial Age
26:06 Fletching
27:01 Bodkin Arrow
27:28 Stone Mining
28:07 Padded Archer Armor
28:58 Ballistics
28:08 Elite Mangudai
31:21 Chemistry
31:24 Bracer
34:25 Gold Shaft Mining
33:41 Stone Mining
36:07 Thumb Ring
36:14 Bloodlines
36:01 Light Cavalry
36:41 Husbandry
36:57 Heavy Plow
37:37 Leather Archer Armor
38:08 Parthian Tactics
39:48 Masonry
39:47 Scale Barding Armor
39:53 Forging
41:09 Forging
41:23 Chain Barding Armor
枯山水
8:24 Loom
10:18 Feudal Age
11:35 Horse Collar
14:00 Castle Age
13:04 Double-Bit Axe
18:27 Wheelbarrow
21:56 Stone Mining
23:52 Gold Mining
25:00 Heavy Plow
25:46 Hand Cart
26:02 Loom
29:02 Imperial Age
26:34 Treadmill Crane
27:31 Gold Shaft Mining
26:49 Fletching
27:27 Bow Saw
27:37 Bodkin Arrow
27:31 Loom
28:31 Scale Barding Armor
28:38 Corvinian Army
29:41 Chain Barding Armor
29:42 Husbandry
29:52 Bloodlines
30:06 Conscription
29:59 Elite Magyar Huszar
31:23 Plate Barding Armor
32:03 Bracer
33:06 Chemistry
32:30 Padded Archer Armor
32:59 Parthian Tactics
31:55 Heavy Cavalry Archer
32:41 Thumb Ring
32:43 Heavy Cavalry Archer
34:17 Leather Archer Armor
34:32 Recurve Bow
36:13 Ring Archer Armor
42:13 Two-Man Saw
Player86688262
10:09 Feudal Age
11:47 Double-Bit Axe
14:19 Castle Age
15:10 Bow Saw
18:44 Loom
22:55 Imperial Age
20:27 Horse Collar
20:58 Fletching
22:09 Heavy Plow
张宇腾
11:10 Feudal Age
11:57 Double-Bit Axe
14:44 Castle Age
12:42 Horse Collar
15:49 Bow Saw
15:41 Heavy Plow
16:55 Loom
21:44 Wheelbarrow
22:49 Gold Mining
23:14 Stone Mining
24:39 Gold Shaft Mining
25:32 Hand Cart
28:47 Imperial Age
27:16 Squires
26:40 Man-at-Arms
26:42 Pikeman
27:35 Scale Mail Armor
27:46 Forging
28:03 Ballistics
27:27 Long Swordsman
29:49 Conscription
28:50 Halberdier
29:48 Chain Mail Armor
30:09 Iron Casting
28:55 Capped Ram
29:59 Ballistas
30:19 Comitatenses
29:59 Siege Ram
32:47 Blast Furnace
32:18 Siege Engineers
34:36 Heavy Scorpion
Connection lost

Rejoining the realm…

Still unreachable

The connection could not be restored.

Session expired

The server has moved on; the page needs a fresh start.